 Dungeon Crawl Stone Soup version 0.17-a0-2127-g1cb09f6 (webtiles) character file.

261 SlimeFever the Covered (level 6, -6/37 HPs)
             Began as a Gargoyle Fighter on Oct 22, 2015.
             Mangled by youngkai's ghost (8 damage)
             ... on level 3 of the Dungeon.
             The game lasted 00:14:21 (2021 turns).

SlimeFever the Covered (Gargoyle Fighter)           Turns: 2021, Time: 00:14:21

Health: -6/37      AC:  8    Str: 20    XL:     6   Next: 18%
Magic:  6/6        EV: 10    Int:  9    God:
Gold:   127        SH:  9    Dex: 10    Spells: 0 memorised, 5 levels left

rFire  . . .     SeeInvis .     a - +0 flail
rCold  + . .     Clarity  .     i - +1 leather armour {rF+}
rNeg   + . .     SustAt   .     c - +0 shield
rPois  ∞         Gourm    .     (no helmet)
rElec  +         Spirit   .     (no cloak)
rCorr  .         Warding  .     (no gloves)
rMut   .         Stasis   .     (no boots)
MR     .....                    (no amulet)
Stlth  +.........               (no ring)
                                h - ring of ice

@: not resistant to hostile enchantments, very unstealthy
A: negative energy resistance 1, electricity resistance, unbreathing,
petrification resistance, rot immunity, AC +4
a: no special abilities


You were on level 3 of the Dungeon.
You were not hungry.

You visited 1 branch of the dungeon, and saw 3 of its levels.
You also visited: Sewer.

You collected 127 gold pieces.

Inventory:

Hand Weapons
 a - a +0 flail (weapon)
 b - a +0 hunting sling
Missiles
 f - 22 sling bullets
 g - 78 stones (quivered)
Armour
 c - a +0 shield (worn)
 i - a +1 leather armour of fire resistance (worn)
 s - a +0 scale mail
Jewellery
 h - a ring of ice (left hand)
Scrolls
 p - 3 scrolls of blinking {unknown}
 q - a scroll of teleportation {unknown}
 r - a scroll of fear {unknown}
 u - a scroll of identify
Potions
 d - 2 potions of might
 j - a potion of haste {unknown}
 k - 2 potions of heal wounds {unknown}
 l - a potion of invisibility {unknown}
 m - 4 potions of curing {unknown}
 n - a potion of ambrosia {unknown}
 o - 2 potions of agility
Comestibles
 e - a bread ration
 t - a royal jelly


   Skills:
 + Level 3.6 Fighting
 * Level 3.7 Maces & Flails
 + Level 0.1 Throwing
 * Level 4.2 Armour
 + Level 2.5 Dodging
 + Level 0.5 Stealth
 + Level 4.1 Shields


You had 5 spell levels left.
You didn't know any spells.

Dungeon Overview and Level Annotations

Branches:
Dungeon (3/15)

Altars:
Qazlal

Annotations:
D:3 youngkai's ghost, amateur MiBe


Innate Abilities, Weirdness & Mutations

You are resistant to torment.
Your stone body is resilient (AC +4).
You are immune to poison.
You resist negative energy.
You are resistant to electric shocks.
You can survive without breathing.
You are immune to petrification.
You are immune to rotting.


Message History

Youngkai's ghost is heavily damaged.
You block youngkai's ghost's attack.
You closely miss youngkai's ghost.
Youngkai's ghost is heavily damaged.
Youngkai's ghost hits you!
* * * LOW HITPOINT WARNING * * *
You block youngkai's ghost's attack.
You hit youngkai's ghost.
Youngkai's ghost is heavily damaged.
You block youngkai's ghost's attack.
You completely miss youngkai's ghost.
Youngkai's ghost is heavily damaged.
You block youngkai's ghost's attack.
You hit youngkai's ghost but do no damage.
Youngkai's ghost is heavily damaged.
Youngkai's ghost hits you!
* * * LOW HITPOINT WARNING * * *
Youngkai's ghost yells, "Who would have thought, even in death it is a pleasure to sever!"
Youngkai's ghost hits you!
You die...

*.......##.#......*,*******
#,#.#...##.##.#.#**,*
**#.#.......W.....###.#
,,........######......#
,*#.#.....÷≈≈≈≈#.######
,**,#....)#≈≈≈≈#.#
,,,,#...W.#≈.≈≈#.#
,,**##..#.#≈≈≈≈#W##
,,####..#.#≈≈≈≈#@.#
,,......#.######..#
,,*####....[......# ,,*
#...........# ,,*
#.########### ,,* #.# ####
#.# ...# #.# ##.# #.#


You could see youngkai's ghost.

Vanquished Creatures
  A big kobold (Sewer)
  Terence (D:2)
  2 river rats
  7 adders
  2 oozes
  7 worms
  5 ball pythons
  4 bats
  3 giant cockroaches
  6 goblins
  A hobgoblin (D:1)
  10 jackals
  11 kobolds
  A quokka (D:2)
  4 giant geckos
  4 giant newts (D:2)
  6 rats
75 creatures vanquished.

Notes
Turn   | Place    | Note
--------------------------------------------------------------
     0 | D:1      | SlimeFever the Gargoyle Fighter began the quest for the Orb.
     0 | D:1      | Reached XP level 1. HP: 14/14 MP: 1/1
   154 | D:1      | Reached XP level 2. HP: 14/19 MP: 2/2
   465 | D:1      | Reached skill level 1 in Dodging
   759 | D:2      | Reached XP level 3. HP: 23/23 MP: 3/3
   804 | D:2      | Noticed Terence
   994 | D:2      | Found a stormy altar of Qazlal.
   996 | D:2      | Noticed an air elemental
  1037 | D:2      | Noticed a fire elemental
  1037 | D:2      | Noticed an earth elemental
  1037 | D:2      | Noticed a water elemental
  1165 | D:2      | Reached XP level 4. HP: 15/28 MP: 4/4
  1220 | D:2      | Killed Terence
  1261 | D:2      | Reached skill level 4 in Shields
  1317 | D:2      | Reached XP level 5. HP: 25/32 MP: 5/5
  1455 | D:3      | Found a glowing drain.
  1495 | Sewer    | Entered a sewer
  1846 | Sewer    | Reached XP level 6. HP: 27/37 MP: 6/6
  1994 | D:3      | Noticed youngkai's ghost (amateur MiBe)
  2021 | D:3      | Mangled by youngkai's ghost

Vault maps used:
D:1:      lightli_arrival_windingriver, kennysheep_small_spiral
D:2:      nicolae_qazlal_style_of_elements, uniq_terence
D:3:      portal_sewer_entry_c
Sewer:    sewer_co_15_rooms

Action                   |  1- 3 |  4- 6 || total
-------------------------+-------+-------++-------
Melee: Flail             |   198 |   148 ||   346
 Fire: Hunting sling     |     1 |       ||     1
Throw: Stone             |     5 |    10 ||    15
  Use: Potion            |       |     1 ||     1
       Scroll            |       |     4 ||     4
  Eat: Bread ration      |       |     1 ||     1
